 Dungeon Crawl Stone Soup version 0.29.1-2-gbd0b4ee654 (webtiles) character file.

Game seed: 12225846762270609237

331 skoleks the Ruffian (level 6, -1/61 HPs)
             Began as a Troll Berserker on Nov 21, 2022.
             Was a Believer of Trog.
             Slain by Eustachio
             ... wielding a +3 rapier of venom
              (2 damage)
             ... on level 5 of the Dungeon.
             The game lasted 00:15:36 (3135 turns).

skoleks the Ruffian (Troll Berserker)               Turns: 3135, Time: 00:15:36

Health: -1/61      AC:  4    Str: 28    XL:     6   Next: 26%
Magic:  5/5        EV: 10    Int:  7    God:    Trog [**....]
Gold:   213        SH:  0    Dex:  9    Spells: 5/5 levels left

rFire   . . .      SeeInvis .   v - +3 dagger "Mewoing" {flame, rN+ Int+4}
rCold   . . .      Faith    .   (no shield)
rNeg    + . .      Spirit   .   a - +0 animal skin
rPois   .          Reflect  .   (helmet restricted)
rElec   .          Harm     .   (no cloak)
rCorr   .          Rampage  .   (gloves unavailable)
Will    ++...                   (boots unavailable)
Stlth   +.........              (no amulet)
HPRegen 2.00/turn               (no ring)
MPRegen 0.09/turn               (no ring)

@: lethally poisoned (-1 -> -3), strong-willed, on berserk cooldown,
regenerating, slowed, studying Staves, very slow
A: large, unfitting armour, claws 3, regeneration 1, shaggy fur 1, tough skin 1
a: Renounce Religion, Berserk, Trog's Hand


You were on level 5 of the Dungeon.
You worshipped Trog.
Trog was pleased with you.
You visited 1 branch of the dungeon, and saw 5 of its levels.

You collected 213 gold pieces.

Inventory:

Hand Weapons
 m - a +0 mace
 v - the +3 dagger "Mewoing" (weapon) {flame, rN+ Int+4}
   (You found it on level 4 of the Dungeon)

   It burns those it strikes, dealing additional fire damage.
   Int:       It affects your intelligence (+4).
   rN:        It protects you from negative energy.
Missiles
 q - a throwing net (quivered)
Armour
 a - a +0 animal skin (worn)
 c - a +0 ring mail
 g - a +0 leather armour
 h - a +0 helmet
 k - a +0 robe
 n - a +0 pair of gloves
 r - the +1 leather armour of the Blue Moon {rElec rPois Int+2 SInv}
   (You found it on level 3 of the Dungeon)

   Int:       It affects your intelligence (+2).
   rElec:     It insulates you from electricity.
   rPois:     It protects you from poison.
   SInv:      It lets you see invisible.
Magical Staves
 d - a staff of death
Wands
 p - a wand of flame (31)
Scrolls
 e - 2 scrolls of identify {unknown}
 f - a scroll of teleportation
 i - a scroll of fog
 j - a scroll of torment {unknown}
 s - a scroll of silence {unknown}
 t - a scroll of blinking
 w - a scroll of immolation {unknown}
 x - a scroll of poison {unknown}
 y - a scroll of magic mapping
 C - a scroll of fear {unknown}
Potions
 b - 2 potions of degeneration
 l - a potion of brilliance {unknown}
 o - a potion of flight {unknown}
 u - a potion of heal wounds {unknown}
 z - a potion of haste {unknown}
 A - 2 potions of attraction {unknown}
 B - 3 potions of curing {unknown}


   Skills:
 + Level 3.3 Fighting
 * Level 2.0 Short Blades
 * Level 4.0 Dodging
 - Level 4.2 Unarmed Combat


You had 5 spell levels left.
You didn't know any spells.
Your spell library contained the following spells:

 Spells                   Type           Power      Damage    Failure   Level
 Animate Dead             Necr           0%         N/A       99%         4
 Borgnjor's Vile Clutch   Necr/Erth      0%         N/A       100%        5
 Death Channel            Necr           0%         N/A       100%        6


Dungeon Overview and Level Annotations

Branches:
Dungeon (5/15)             Temple (0/1) D:4

Altars:
Ashenzari

Shops:
D:1 *

Annotations:
D:5 Eustachio


Innate Abilities, Weirdness & Mutations

You are too large for most types of armour.
You have claws for hands.
Your natural rate of healing is unusually fast.
You are covered in fur. (AC +1)
You have tough skin. (AC +1)


Message History

The puff of frost hits you!
Eustachio hits you with a +3 rapier of venom.
You are poisoned.
You hit Eustachio. You burn Eustachio.
Eustachio is lightly wounded.
You feel very sick. The white imp gestures at you. The puff of frost hits you.
* * * LOW HITPOINT WARNING * * *
Eustachio barely misses you.
You hit Eustachio but do no damage.
Eustachio is lightly wounded.
You feel sick. The white imp gestures at you. The puff of frost hits you.
* * * LOW HITPOINT WARNING * * *
Eustachio closely misses you.
You barely miss Eustachio.
Eustachio is lightly wounded.
You feel sick.
Eustachio gestures wildly while chanting.
The white imp hits you but does no damage.
Eustachio hits you with a +3 rapier of venom.
* * * LOW HITPOINT WARNING * * *
You hit Eustachio. You burn Eustachio.
Eustachio is lightly wounded.
You feel sick. The white imp closely misses you.
Eustachio hits you with a +3 rapier of venom.
* * * LOW HITPOINT WARNING * * *
You are lethally poisoned!
The iron imp closely misses you.
You hit the white imp. You burn the white imp. Your claw misses the white imp.
The white imp is moderately wounded.
* * * LOW HITPOINT WARNING * * *
You feel very sick. The white imp gestures at you.
The puff of frost misses you.
The puff of frost hits the iron imp.
The iron imp resists.
Eustachio hits you with a +3 rapier of venom.
You die...

#....# #....#
#....# #....#
#....######
+....5....#
#....@....#
#...5@5...#
#..$..)...#
#####.........#
#.............#
#.............#
+.............#
#.............#
#.............#
....#######....#


You could see Eustachio, an iron imp (summoned), a crimson imp (summoned) and a
white imp (summoned).

Vanquished Creatures
  A necrophage (D:4)
  2 orc priests
  A hound (D:4)
  Jessica (D:2)
  2 iguanas
  An adder (D:4)
  A worm (D:4)
  A dart slug (D:4)
  9 orcs
  11 ball pythons
  4 endoplasms
  3 giant cockroaches (D:3)
  8 goblins
  9 hobgoblins
  5 kobolds
  11 quokkas
  6 bats
  4 frilled lizards
  2 rats (D:1)
82 creatures vanquished.

Notes
Turn   | Place    | Note
-------+----------+-------------------------------------------
     0 | D:1      | skoleks the Troll Berserker began the quest for the Orb.
     0 | D:1      | Reached XP level 1. HP: 22/22 MP: 0/0
   149 | D:1      | Found Myummy's Assorted Antiques.
   167 | D:1      | Reached XP level 2. HP: 27/29 MP: 1/1
   269 | D:1      | Lost intelligence.
   896 | D:2      | Noticed Jessica
   901 | D:2      | Killed Jessica
   902 | D:2      | Reached XP level 3. HP: 36/36 MP: 2/2
  1209 | D:2      | Found a faded altar of an unknown god.
  1686 | D:2      | Reached ** piety under Trog
  1845 | D:3      | Reached XP level 4. HP: 44/44 MP: 3/3
  1912 | D:3      | Found a glowing drain.
  2065 | D:3      | Identified the +1 leather armour of the Blue Moon {rElec
                  | rPois Int+2 SInv}
  2070 | D:3      | Found a broken altar of Ashenzari.
  2081 | D:3      | Saw a vision of the Shoals and the Snake Pit.
  2081 | D:3      | Noticed a naga mage
  2081 | D:3      | Noticed a merfolk
  2081 | D:3      | Noticed a naga
  2081 | D:3      | Noticed a sea snake
  2081 | D:3      | Noticed a black mamba
  2081 | D:3      | Noticed a merfolk
  2081 | D:3      | Noticed a black mamba
  2081 | D:3      | Noticed a cyclops
  2081 | D:3      | Noticed a merfolk
  2081 | D:3      | Noticed a shock serpent
  2081 | D:3      | Noticed a wind drake
  2081 | D:3      | Noticed a sea snake
  2081 | D:3      | Noticed a naga mage
  2082 | D:3      | Noticed a black mamba
  2082 | D:3      | Noticed a snapping turtle
  2517 | D:4      | Identified the +3 dagger "Mewoing" {flame, rN+ Int+4}
  2538 | D:4      | Reached XP level 5. HP: 53/53 MP: 4/4
  2563 | D:4      | Reached *** piety under Trog
  2564 | D:4      | Reached skill level 1 in Short Blades
  2592 | D:4      | Found a staircase to the Ecumenical Temple.
  2853 | D:4      | Reached XP level 6. HP: 50/61 MP: 5/5
  3093 | D:5      | Entered Level 5 of the Dungeon
  3094 | D:5      | Noticed Eustachio
  3135 | D:5      | HP: 1/61 [poisoned by Eustachio]
  3135 | D:5      | Slain by Eustachio

Illustrated notes

Levels and vault maps discovered:
D:1:      wheals_arrival_shading, layout_basic, serial_shops, shop
D:2:      layout_basic, chequers_ecumenical_altar_simple_redux, uniq_jessica
D:3:      layout_loops_cross, grunt_ashenzari_visionary
          [grunt_ashenzari_visionary_shoals, grunt_ashenzari_visionary_snake],
          gup_sewer_entry_pipe, grunt_ministairs_15, kennysheep_another_room
D:4:      layout_cave_pools, minmay_temple_entry_stoned_glass
D:5:      minmay_evil_eye, layout_gridville, serial_shops, shop,
          chequers_arboretum, uniq_eustachio, uniq_duvessa

Skill      XL: |  1  2  3  4  5  6 |
---------------+-------------------+-----
Dodging        | 3 4 |  4.0
Fighting       | 3 |  3.3
Unarmed Combat | 4 |  4.2
Short Blades   | 1 2 |  2.0

Action                   |  1- 3 |  4- 6 || total
-------------------------+-------+-------++-------
Melee: Unarmed           |    97 |    67 ||   164
       Punch             |     1 |     6 ||     7
       Dagger            |       |   125 ||   125
Invok: Berserk           |     1 |     2 ||     3
       Trog's Hand       |       |     2 ||     2
  Use: Potion            |     2 |       ||     2
       Scroll            |       |     4 ||     4
Armor: Animal skin       |    36 |    57 ||    93
Dodge: Dodged            |    67 |   112 ||   179
